Map: Blackpink LE

Players

Hatchery

  • Race: Zerg Zerg
  • League: Master
  • Spawn Location: 1:00

NORTHAMERICA - Winner!

  • Race: Protoss Protoss
  • League: Master
  • Spawn Location: 7:00

VOD

Have the link to the VOD?

Description

Time

  • Played on: Dec. 27, 2017, 11:10 p.m.
  • Length: 9:05
Show
View Real Time Build Order
Export as new Build Order

Hatchery Zerg 

Build Orders: Hatch First 

Get SALT Encoding   

  12  0:01  Drone  
  13  0:14  Overlord  
  13  0:24  Drone  
  14  0:33  Drone x2  
  16  0:39  Drone  
  17  0:56  Hatchery  
  16  0:58  Drone  
  16  1:02  Drone  
  16  1:03  Extractor  
  17  1:13  Drone  
  18  1:23  Spawning Pool  
  17  1:27  Drone  
  17  1:32  Extractor  
  17  1:33  Drone  
  18  1:44  Drone  
  19  1:53  Drone  
  20  2:02  Drone  
  20  2:08  Drone  
  22  2:10  Queen  
  22  2:11  Queen  
  26  2:20  Drone  
  26  2:21  Evolution Chamber  
  26  2:25  Metabolic Boost  
  26  2:29  Zergling x2  
  27  2:31  Zergling x2  
  28  2:38  Overlord  
  28  2:48  Overlord  
  28  2:56  Overlord  
  28  2:58  Zerg Melee Weapons Level 1  
  28  3:04  Drone x4  
  32  3:11  Drone  
  33  3:24  Drone x3  
  33  3:25  Drone x4  
  40  3:39  Hatchery  
  39  3:49  Zergling x8  
  39  3:52  Drone  
  44  3:56  Queen  
  44  3:58  Queen  
  44  4:02  Drone x2  
  50  4:05  Drone x2  
  52  4:13  Overlord  
  52  4:16  Drone, Roach Warren  
  52  4:18  Overlord  
  52  4:25  Overlord  
  52  4:31  Overlord  
  52  4:35  Spine Crawler  
  52  4:37  Zergling x2  
  52  4:38  Zergling x8  
  56  4:40  Zergling x2  
  57  4:48  Spine Crawler  
  57  4:51  Baneling Nest, Zergling x6  
  58  4:53  Zergling x2  
  59  5:01  Lair  
  59  5:04  Extractor  
  59  5:06  Roach x2  
  60  5:18  Roach  
  60  5:19  Drone  
  60  5:20  Drone x6  
  62  5:26  Roach  
  52  5:29  Spore Crawler  
  52  5:30  Drone x2  
  51  5:39  Spore Crawler  
  43  6:01  Overlord  
  43  6:02  Overseer  
  44  6:22  Drone x6  
  47  6:40  Drone x3  
  47  6:41  Drone  
  47  6:47  Drone x3  
  52  6:55  Zergling x4  
  54  7:09  Zergling x8  
  54  7:13  Zergling x2  
  54  7:14  Zergling x2  
  54  7:15  Zergling x2  
  61  7:21  Zergling x4  
  63  7:24  Zergling x4, Extractor  
  63  7:25  Zergling x4  
  66  7:32  Zergling x2  
  66  7:36  Zergling x2  
  68  7:48  Zergling x8  
  72  7:56  Zergling x6  
  72  7:57  Zergling x2  
  76  7:58  Zergling x2  
  76  8:04  Zergling x2  
  78  8:10  Zergling x2  
  78  8:11  Pneumatized Carapace  
  79  8:13  Zergling x2  
  79  8:14  Zergling x2  
  79  8:18  Zergling x4  
  79  8:19  Zergling x2  
  83  8:20  Hatchery  
  83  8:23  Zergling x2  
  83  8:26  Zergling x2  
  83  8:27  Zergling x2  
  83  8:32  Baneling x4  
  83  8:33  Baneling x3  
  83  8:35  Baneling  
  83  8:37  Zergling x2  
  83  8:40  Zergling x4  
Show
View Real Time Build Order
Export as new Build Order

NORTHAMERICA Protoss - Winner!

Build Orders: 1 Gate Expand, Dark Templar Rush 

Get SALT Encoding   

  12  0:01  Probe  
  13  0:13  Probe  
  14  0:20  Pylon  
  14  0:25  Probe  
  15  0:38  Probe (Chrono Boost)  
  15  0:39  Gateway  
  16  0:49  Probe (Chrono Boost), Assimilator  
  17  0:54  Probe (Chrono Boost)  
  18  1:05  Probe  
  19  1:22  Nexus  
  19  1:32  Cybernetics Core  
  19  1:36  Probe (Chrono Boost)  
  20  1:46  Probe (Chrono Boost)  
  21  1:50  Pylon  
  21  1:51  Probe (Chrono Boost)  
  22  2:03  Probe  
  23  2:10  Zealot  
  23  2:11  Assimilator  
  23  2:13  Warp Gate  
  23  2:15  Probe  
  26  2:23  Twilight Council  
  26  2:27  Probe  
  27  2:36  Probe (Chrono Boost)  
  28  2:43  Stalker  
  31  2:45  Probe (Chrono Boost)  
  31  2:49  Probe (Chrono Boost)  
  32  2:52  Probe (Chrono Boost)  
  32  2:55  Probe, Resonating Glaives (Chrono Boost)  
  34  3:03  Probe  
  35  3:07  Probe  
  36  3:15  Probe, Pylon  
  36  3:19  Probe  
  38  3:29  Gateway  
  38  3:30  Gateway  
  38  3:36  Dark Shrine  
  38  3:37  Probe  
  38  3:41  Probe  
  40  3:44  Gateway  
  40  3:52  Gateway  
  40  3:56  Gateway  
  40  3:57  Probe  
  40  3:58  Probe  
  42  4:08  Pylon  
  42  4:09  Probe  
  43  4:10  Probe  
  44  4:21  Probe  
  44  4:22  Adept, Pylon  
  47  4:26  Adept  
  47  4:27  Adept, Pylon  
  51  4:43  Adept x2  
  51  4:44  Adept  
  51  4:45  Adept  
  59  4:50  Dark Templar  
  59  4:52  Dark Templar  
  63  5:08  Adept x2  
  63  5:09  Adept x2  
  71  5:16  Shield Battery  
  55  5:28  Dark Templar  
  55  5:30  Probe  
  55  5:32  Probe  
  55  5:33  Assimilator  
  55  5:34  Assimilator  
  53  5:43  Probe  
  53  5:44  Probe  
  55  5:53  Nexus  
  55  5:55  Probe (Chrono Boost), Pylon  
  55  5:56  Probe (Chrono Boost)  
  57  6:06  Probe (Chrono Boost), Robotics Facility  
  57  6:07  Probe (Chrono Boost)  
  57  6:11  Probe x2 (Chrono Boost)  
  59  6:21  Probe  
  59  6:23  Probe, Sentry x2  
  63  6:30  Gateway  
  63  6:34  Forge  
  63  6:37  Probe  
  64  6:43  Probe, Blink (Chrono Boost)  
  64  6:46  Shield Battery  
  63  6:48  Shield Battery  
  63  6:50  Immortal (Chrono Boost), Pylon  
  67  6:58  Probe  
  67  7:00  Probe  
  69  7:02  Sentry  
  69  7:04  Stalker x4  
  69  7:05  Protoss Ground Weapons Level 1 (Chrono Boost)  
  79  7:12  Probe  
  79  7:13  Probe, Zealot  
  83  7:18  Probe  
  83  7:22  Warp Prism  
  84  7:26  Zealot  
  88  7:32  Sentry  
  88  7:34  Stalker x3  
  96  7:40  Assimilator  
  96  7:41  Pylon  
  96  7:43  Stalker  
  98  7:44  Stalker  
  100  7:56  Pylon  
  100  7:58  Pylon  
  100  7:59  Probe  
  100  8:01  Pylon  
  99  8:09  Photon Cannon  
  99  8:18  Pylon  
  99  8:20  Probe  
  99  8:22  Dark Templar x2  
  99  8:23  Dark Templar  
  99  8:26  Dark Templar  
  108  8:27  Probe  
  108  8:31  Archon x2  
  108  8:32  Gateway, Photon Cannon  
  109  8:42  Gateway  
  109  8:44  Gateway  
  109  8:57  Stalker  
  109  8:58  Stalker x2  
  109  9:00  Stalker  
Tags
 
Add a new tag
Caveats
  • Supply blocks, unpowered buildings, or Contaminate may cause inaccurate times.
  • Supply counts are checked every 10 seconds.